 Dungeon Crawl Stone Soup version 0.26-a0-597-gb535b0901c (webtiles) character file.

Game seed: 6671568783804682562

359 Borgoz the Slasher (level 6, 0/53 HPs)
             Began as a Minotaur Gladiator on Sept 15, 2020.
             Slain by a wight
             ... wielding a +0 trident
              (2 damage)
             ... on level 5 of the Dungeon.
             The game lasted 00:04:26 (3080 turns).

Borgoz the Slasher (Minotaur Gladiator)             Turns: 3080, Time: 00:04:26

Health: 0/53       AC:  6    Str: 18    XL:     6   Next: 37%
Magic:  5/5        EV: 13    Int:  5    God:
Gold:   205        SH:  0    Dex: 14    Spells: 5/5 levels left

rFire    . . .     SeeInvis .   a - +0 long sword
rCold    . . .     Faith    .   (no shield)
rNeg     . . .     Spirit   .   f - +0 ring mail
rPois    .         Reflect  .   c - +0 hat
rElec    .         Harm     .   (no cloak)
rCorr    .                      (no gloves)
MR       .....                  e - +0 pair of boots
Stlth    +.........             (no amulet)
HPRegen  0.17/turn              (no ring)
MPRegen  0.09/turn              (no ring)

@: lethally poisoned (0 -> -1), drained
A: retaliatory headbutt, horns 2
a: no special abilities


You were on level 5 of the Dungeon.
You visited 1 branch of the dungeon, and saw 5 of its levels.

You collected 205 gold pieces.

Inventory:

Hand Weapons
 a - a +0 long sword (weapon)
Missiles
 d - 3 throwing nets (quivered)
Armour
 c - a +0 hat (worn)
 e - a +0 pair of boots (worn)
 f - a +0 ring mail (worn)
Jewellery
 q - an uncursed amulet of magic regeneration {unknown}
Scrolls
 b - a scroll of immolation {unknown}
 g - a scroll of teleportation
 h - 2 scrolls of remove curse {unknown}
 i - a scroll of magic mapping {unknown}
 j - 3 scrolls of enchant weapon {unknown}
 m - a scroll of random uselessness {unknown}
 o - a scroll of blinking {unknown}
 p - a scroll of enchant armour {unknown}
Potions
 k - a potion of heal wounds
 l - 2 potions of curing {unknown}
 n - a potion of haste {unknown}


   Skills:
 + Level 4.5(3.8) Fighting
 + Level 5.4(4.6) Long Blades
 - Level 2.0(1.3) Throwing
 + Level 3.6(2.9) Armour
 + Level 4.8(4.1) Dodging


You had 5 spell levels left.
You didn't know any spells.
Your spell library was empty.

Dungeon Overview and Level Annotations

Branches:
Dungeon (5/15)
 Temple: D:4-7

Altars:
Dithmenos
Fedhas
Makhleb
Okawaru
The Shining One


Innate Abilities, Weirdness & Mutations

You reflexively headbutt those who attack you in melee.
You have a pair of horns on your head.


Message History

The worker ant is heavily wounded.
You feel sick. The worker ant bites you. The iguana bites you!
The worker ant bites you.
You hear a shout!
You hit the worker ant but do no damage.
You headbutt the worker ant, but do no damage.
The worker ant is heavily wounded.
The iguana bites you!
* * * LOW HITPOINT WARNING * * *
The wight misses you. The worker ant barely misses you.
You riposte.
You hit the worker ant.
The worker ant is severely wounded.
The centaur barely misses you. The iguana barely misses you.
You slash the worker ant!
You kill the worker ant!
You feel sick.
The wight hits you from afar with a +0 trident.
* * * LOW HITPOINT WARNING * * *
You feel drained.
You die...

..#<.........####.......# #.###
.########.#####...###.†....)..#
.# .# ##...# #.........# .# #
#...# ..........### .. #...
#########.?. .. ....#
#.......##. ... ####.
#..........
######c#######........#
......l@.zZ.##...[....#
#####..####.z........## #..
####.....### #.. #.....# #..
#.....# #.# #....... #.
#.......# ## #########


You could see a centaur, an iguana, 2 wights and a bullfrog skeleton.

Vanquished Creatures
  A hound (D:4)
  A bullfrog zombie (D:5)
  2 orc wizards (D:4)
  2 worker ants
  A gnoll (D:1)
  3 adders
  2 shadow imps (D:5)
  An ufetubus (D:5)
  2 oozes (D:4)
  2 adder skeletons (D:4)
  2 worms
  3 dart slugs
  4 leopard geckos
  9 orcs (D:4)
  12 giant cockroaches
  12 hobgoblins
  8 jackals
  4 quokkas
  2 ball pythons
  11 bats
  3 frilled lizards
  5 goblins
  5 kobolds
  5 rats
102 creatures vanquished.

Notes
Turn   | Place    | Note
-------+----------+-------------------------------------------
     0 | D:1      | Borgoz the Minotaur Gladiator began the quest for the Orb.
     0 | D:1      | Reached XP level 1. HP: 18/18 MP: 0/0
   134 | D:1      | Reached skill level 1 in Armour
   134 | D:1      | Reached XP level 2. HP: 23/25 MP: 1/1
   174 | D:1      | Reached skill level 4 in Long Blades
   313 | D:1      | Reached XP level 3. HP: 31/31 MP: 2/2
   847 | D:2      | Reached XP level 4. HP: 38/38 MP: 3/3
  1068 | D:2      | Found a shadowy altar of Dithmenos.
  1376 | D:2      | Found a burning altar of Makhleb.
  1376 | D:2      | Noticed a green death
  1379 | D:2      | Noticed an orange demon
  1379 | D:2      | Noticed a hellwing
  1584 | D:3      | Found a blossoming altar of Fedhas.
  1963 | D:4      | Reached XP level 5. HP: 41/46 MP: 4/4
  2127 | D:4      | Found a glowing golden altar of the Shining One.
  2183 | D:4      | Found an iron altar of Okawaru.
  2331 | D:4      | Reached skill level 5 in Long Blades
  2854 | D:4      | Reached XP level 6. HP: 52/52 MP: 5/5
  2911 | D:5      | Entered Level 5 of the Dungeon
  3080 | D:5      | HP: 2/53 [wight/+0 trident (6)]
  3080 | D:5      | Slain by a wight

Illustrated notes

Levels and vault maps discovered:
D:1:      dpeg_arrival_stone_temple_mockup, layout_loops_ring, minmay_ruptured
D:2:      layout_rooms, makhleb_altar_promises_db, lemuel_crystal_altar,
          patterned_corridor
D:3:      layout_basic, fedhas_altar_1
D:4:      layout_loops_ring, okawaru_metal_pillars_1_2, tso_metal_star
D:5:      layout_rooms, lemuel_crystal_altar, serial_shops, kennysheep_mini

Skill      XL: |  1  2  3  4  5 |
---------------+----------------+-----
Armour         | 1 2 3 |  3.6
Long Blades    | 4 5 |  5.4
Fighting       | 3 4 |  4.5
Dodging        | 4 |  4.8
Throwing       | |  2.0

Action                   |  1- 3 |  4- 6 || total
-------------------------+-------+-------++-------
Melee: Long sword        |    56 |   146 ||   202
       Headbutt          |    12 |    27 ||    39
  Use: Scroll            |       |     2 ||     2
       Potion            |       |     1 ||     1
Armor: Ring mail         |    20 |    50 ||    70
Dodge: Dodged            |    45 |   114 ||   159
       Rpst.: Long sword |    14 |    32 ||    46

Table legend: (Time is in decaauts)
 A = Elapsed time spent in this place.
 B = Non-inter-level travel time spent in this place.
 C = Inter-level travel time spent in this place.
 D = Time resting spent in this place.
 E = Time spent auto-exploring this place.
 F = Levels seen in this place.
 G = Mean time per level.
                   A        B        C        D        E       F      G
               +--------+--------+--------+--------+--------+-----+--------+
         Total |   3113 |   3020 |     93 |    268 |   2203 |   5 |  622.6 |
       Dungeon |   3113 |   3020 |     93 |    268 |   2203 |   5 |  622.6 |
               +--------+--------+--------+--------+--------+-----+--------+

Top non-repeatable levels by time:
     D:4: 1002 daAuts
     D:1: 805 daAuts
     D:2: 651 daAuts
     D:3: 481 daAuts
     D:5: 173 daAuts
